 Dungeon Crawl Stone Soup version 0.23.0-3-gf3c87f2df8 (webtiles) character file.

Game seed: 5495698530987420754

31521 Delanovic the Unseen (level 13, -6/63 HPs)
             Began as a Felid Enchanter on Feb 21, 2019.
             Was an Initiate of Gozag.
             Mangled by a harpy (14 damage)
             ... summoned by Kirke
             ... on level 15 of the Dungeon.
             The game lasted 02:15:23 (40141 turns).

Delanovic the Unseen (Felid Enchanter)             Turns: 40141, Time: 02:15:23

Health: -6/63      AC:  3    Str:  4    XL:     13   Next: 26%
Magic:  4/28       EV: 26    Int: 21    God:    Gozag
Gold:   6317       SH:  0    Dex: 22    Spells: 16/33 levels left
                                        Lives:  0   Deaths: 3

rFire    . . .     SeeInvis +     - Unarmed
rCold    . . .     Gourm    .   (shield unavailable)
rNeg     + . .     Faith    .   (armour unavailable)
rPois    .         Spirit   .   (helmet unavailable)
rElec    .         Reflect  .   (cloak unavailable)
rCorr    .         Harm     .   (gloves unavailable)
MR       +....                  (boots unavailable)
Stlth    +++++++++.             (no amulet)
HPRegen  0.20/turn              c - ring of stealth
MPRegen  0.21/turn              B - ring "Wennach" {+Fly rC- rN+ EV+3}

@: agile, quick
A: very small, no armour, no weapons or thrown items, stealth, claws 1, fangs 3,
see invisible, carnivore, speed 1, shaggy fur 3, slow metabolism 1, sharp paws
a: Potion Petition, Call Merchant, Bribe Branch, Renounce Religion, Evoke Flight


You were on level 15 of the Dungeon.
You worshipped Gozag.
Gozag was greatly pleased with you.
You were not hungry.

You visited 4 branches of the dungeon, and saw 23 of its levels.
You also visited: Ice Cave.

You collected 6611 gold pieces.
You spent 212 gold pieces at shops.
You paid 82 gold pieces to Gozag.

Inventory:

Jewellery
 c - a ring of stealth (left paw)
 e - an uncursed ring of protection from cold
 l - an uncursed ring of resist corrosion
 p - an uncursed ring of ice
 B - the ring "Wennach" (right paw) {+Fly rC- rN+ EV+3}
   (You found it on level 9 of the Dungeon)

   [ring of evasion]

   It affects your evasion (+3).
   It makes you vulnerable to cold.
   It protects you from negative energy.
   It lets you fly.
Wands
 b - a wand of digging (6)
 t - a wand of iceblast (28)
 v - a wand of random effects (57)
 D - a wand of polymorph (32)
 F - a wand of enslavement (24)
 G - a wand of acid (9)
 H - a wand of scattershot (4)
 J - a wand of flame (15)
Scrolls
 d - 6 scrolls of amnesia
 i - a scroll of immolation
 m - 3 scrolls of fog
 n - a scroll of torment {unknown}
 s - 2 scrolls of enchant weapon
 y - 8 scrolls of teleportation
 C - 6 scrolls of remove curse
 E - a scroll of vulnerability
 K - 2 scrolls of silence
 L - a scroll of magic mapping
 M - a scroll of identify
 N - 3 scrolls of brand weapon {unknown}
Potions
 a - a potion of mutation
 f - 7 potions of curing
 g - 3 potions of berserk rage
 h - 4 potions of flight
 j - 3 potions of degeneration
 k - 3 potions of brilliance
 o - a potion of magic
 q - 4 potions of might
 r - 3 potions of lignification
 u - a potion of resistance
 w - 2 potions of agility
 x - a potion of cancellation
 I - a potion of ambrosia
Comestibles
 O - 2 rations


   Skills:
 + Level 11.3 Fighting
 - Level 2.6 Dodging
 + Level 15.7 Stealth
 + Level 11.8 Unarmed Combat
 + Level 10.5 Spellcasting
 - Level 11.7 Hexes
 + Level 9.3 Summonings
 + Level 7.7 Transmutations
 - Level 2.1 Ice Magic
 - Level 5.5 Air Magic


You had 16 spell levels left.
You knew the following spells:

 Your Spells              Type           Power        Failure   Level  Hunger
a - Call Canine Familiar  Summ           ######..     1%          3    None
b - Ensorcelled Hibernat  Hex/Ice        #####.       1%          2    None
c - Confuse               Hex            ######..     1%          3    None
d - Summon Lightning Spi  Summ/Air       #####...     2%          4    ##.....
e - Yara's Violent Unrav  Hex/Tmut       ######....   3%          5    ####...

Your spell library contained the following spells:

 Spells                   Type           Power        Failure   Level  Hunger
 Confusing Touch          Hex            ######       1%          1    None
 Corona                   Hex            ######.      1%          1    None
 Summon Small Mammal      Summ           ####         1%          1    None
 Call Imp                 Summ           ######..     1%          2    None
 Slow                     Hex            ######..     1%          2    None
 Dazzling Spray           Conj/Hex       #####.       1%          3    None
 Inner Flame              Hex/Fire       #####...     1%          3    None
 Summon Guardian Golem    Hex/Summ       ######..     1%          3    None
 Tukima's Dance           Hex            ######..     1%          3    None
 Cause Fear               Hex            ######....   1%          4    ##.....
 Poisonous Vapours        Pois/Air       ###...       3%          2    None
 Leda's Liquefaction      Hex/Erth       #####.....   5%          4    ##.....
 Animate Skeleton         Necr           N/A          6%          1    None
 Apportation              Tloc           ##....       6%          1    None
 Flame Tongue             Conj/Fire      ##...        6%          1    None
 Sting                    Conj/Pois      ##..         6%          1    None
 Summon Ice Beast         Ice/Summ       #####...     6%          4    ##.....
 Mephitic Cloud           Conj/Pois/Air  ###.....     9%          3    None
 Throw Flame              Conj/Fire      ##....       10%         2    None
 Metabolic Englaciation   Hex/Ice        #####.....   10%         5    ####...
 Petrify                  Tmut/Erth      ####....     12%         4    ##.....
 Conjure Flame            Conj/Fire      ##......     19%         3    None
 Gell's Gravitas          Tloc           ##........   19%         3    None
 Olgreb's Toxic Radiance  Pois           ##......     52%         4    ##.....
 Sticky Flame             Conj/Fire      ##......     52%         4    ##.....
 Fireball                 Conj/Fire      ##........   86%         5    ####...
 Venom Bolt               Conj/Pois      ##........   86%         5    ####...
 Portal Projectile        Hex/Tloc       Unusable     N/A         3    N/A

Dungeon Overview and Level Annotations

Branches:
Dungeon (15/15)            Temple (1/1) D:7            Lair (5/6) D:9
  Swamp (0/4) Lair:4        Snake (0/4) Lair:3          Orc (2/2) D:12
    Elf (0/3) Orc:2        Vaults (0/5) D:13         Depths (0/5) D:15
  Slime: Lair:5-6

Altars:
Dithmenos
Elyvilon
Fedhas
Gozag
Okawaru
Sif Muna
Xom
Yredelemnul
Zin

Shops:
D:4 *   D:5 [   D:9 !   D:12 ?   Orc:2 =[[(

Portals:
Trove: D:10 (give 11 potions of heal wounds)

Annotations:
D:15 Kirke


Innate Abilities, Weirdness & Mutations

You cannot wear armour.
You are incapable of wielding weapons or throwing items.
Your paws allow you to move quietly. (Stealth)
You have sharp claws.
You have razor-sharp teeth.
You have supernaturally acute eyesight. (SInv)
You are carnivorous and can eat meat at any time.
You cover ground quickly.
Your thick and shaggy fur keeps you warm. (AC +3, rC+)
You have a slow metabolism.
Your sharp claws are effective at attacking unaware monsters.


Message History

The harpy claws you. The harpy barely misses you.
Your wolf closely misses the hog.
The harpy closely misses you. The harpy claws you.
* * * LOW HITPOINT WARNING * * *
The hog closely misses your wolf. The harpy claws you!
* * * LOW HITPOINT WARNING * * *
The harpy misses you.
Okay, then.
As you read the scroll of fog, it crumbles to dust.
The scroll dissolves into smoke.
The harpy barely misses you.
The harpy completely misses you. x2; The harpy closely misses you.
The hog closely misses your wolf.
The harpy misses you. x2; The harpy completely misses you.
The harpy misses you. The harpy claws you!
* * * LOW HITPOINT WARNING * * *
The harpy misses you.
You feel better.
Your wolf bites the harpy!
The harpy closely misses you. The harpy completely misses you.
The harpy claws you!
You die...
Your body crumbles into a pile of gold.

. .## ####### #.#
##...h.## #.#
#..# #.h.##..##
#.# #..#
#..####§§## #.#
#..# #.##
##§h####.## #..#
#.# ##hH##...#
#..## # #.#
##@H....# #...# #
#.# ##§....#
#...## # ##H#
#.....####)...# #
##..#
#......##.....###
# ##...#
##...............
# #H..##
#................


#hhh# #....########...# ##hh## #..### ##..# ##h.########... ##.# You could see 2
harpies, a hog and a friendly wolf.

Vanquished Creatures
  Gastronok (D:11)
  Louise (D:15)
  A frost giant (IceCv)
  An ogre mage (D:12)
  A vault guard (D:10)
  2 hydras
  4 centaur warriors
  4 two-headed ogres
  2 tengu warriors
  An orc high priest (Orc:2)
  Sonja (D:10)
  Nergalle (D:10)
  An unseen horror (D:14)
  The ghost of tensugalgo the Spear-Bearer, a novice MfCK of Xom (D:7)
  A wizard (D:14)
  A phantasmal warrior (D:11)
  3 deep elf magi
  3 orc knights (Orc:2)
  5 orc sorcerers (Orc:2)
  3 manticores
  4 ugly things
  A cyclops (D:13)
  Maurice (D:13)
  11 black mambas
  An ice statue (IceCv)
  7 spiny frogs
  4 gargoyles
  2 rime drakes (IceCv)
  3 komodo dragons
  2 efreet (D:14)
  A kobold demonologist (D:15)
  2 freezing wraiths
  2 tengu conjurers
  5 trolls
  A merfolk (D:9)
  10 polar bears (IceCv)
  7 blink frogs
  A hornet (D:11)
  A bog body (Lair:4)
  2 slime creatures (D:15)
  10 hippogriffs
  4 spriggans (Lair:1)
  46 yaks
  Sigmund (D:5)
  A shadow (D:13)
  3 wyverns
  2 steam dragons (D:10)
  A water elemental (D:14)
  A wraith (D:12)
  15 humans
  A basilisk (Lair:2)
  A vampire mosquito (D:15)
  A hungry ghost (D:10)
  Menkaure (D:7)
  3 swamp worms (Lair:4)
  Edmund (D:5)
  A warg (D:12)
  2 acid dragons
  16 water moccasins
  4 porcupines
  20 orc warriors
  5 ice beasts
  5 sky beasts
  2 black bears
  2 necrophages
  3 phantoms
  16 wolves
  9 ogres
  9 centaurs
  9 crocodiles
  2 big kobolds
  14 bullfrogs
  5 scorpions
  10 killer bees
  9 wights
  A howler monkey (D:5)
  3 electric eels
  5 crimson imps
  A wyvern simulacrum (D:14)
  Crazy Yiuf (D:3)
  4 centaur zombies
  3 hounds
  A bullfrog zombie (D:9)
  12 orc priests
  4 jellies
  18 orc wizards
  5 bullfrog skeletons
  6 centaur skeletons
  4 iguanas
  5 worker ants
  A killer bee zombie (D:5)
  2 hound zombies
  3 hound skeletons
  Robin (D:1)
  A howler monkey skeleton (D:4)
  3 worker ant zombies (D:4)
  6 gnolls
  18 adders
  3 shadow imps
  An ooze (D:3)
  An adder zombie (D:9)
  3 adder skeletons
  3 worms
  3 dart slugs
  5 leopard geckos
  64 orcs
  6 giant cockroaches
  17 goblins
  7 hobgoblins
  15 jackals
  12 kobolds
  A quokka (D:10)
  5 ball pythons
  A ball python skeleton (D:5)
  5 bats
  5 frilled lizards
  A giant cockroach zombie (D:4)
  A leopard gecko skeleton (D:8)
  A quokka skeleton (D:4)
  A quokka zombie (D:4)
  4 rats
614 creatures vanquished.

Vanquished Creatures (collateral kills)
  Rupert (D:13)
  A dire elephant (D:15)
  2 hydras
  Erica (Orc:1)
  A death knight (D:12)
  A death yak (IceCv)
  2 orc high priests (Orc:2)
  A two-headed ogre (D:14)
  3 orc knights
  3 orc sorcerers
  5 ugly things
  A cyclops (D:13)
  A freezing wraith (D:12)
  A komodo dragon (Lair:5)
  7 polar bears
  3 blink frogs (Lair:4)
  A spriggan (Lair:1)
  7 yaks
  A human (D:13)
  A vampire mosquito (D:15)
  A basilisk (Lair:3)
  A warg (Orc:1)
  3 water moccasins
  3 orc warriors
  3 ogres (Orc:1)
  11 wolves
  A gnoll sergeant (D:12)
  5 orc priests
  2 orc wizards
  2 gnolls (D:12)
  2 adders (D:12)
  A shadow imp (D:11)
  17 orcs
  2 ball pythons
  A jackal (D:11)
  2 kobolds (D:15)
101 creatures vanquished.

Vanquished Creatures (others)
  Prince Ribbit (D:7)
  2 bushes (Lair:3)
  15 fungi
  2 plants (Lair:3)
20 creatures vanquished.

Grand Total: 735 creatures vanquished

Notes
Turn   | Place    | Note
-------+----------+-------------------------------------------
     0 | D:1      | Delanovic the Felid Enchanter began the quest for the Orb.
     0 | D:1      | Reached XP level 1. HP: 7/7 MP: 4/4
   464 | D:1      | Reached XP level 2. HP: 11/11 MP: 6/6
   468 | D:1      | Learned a level 2 spell: Ensorcelled Hibernation
   856 | D:1      | Reached skill level 5 in Hexes
  1291 | D:1      | Reached XP level 3. HP: 14/14 MP: 0/7
  1545 | D:1      | Learned a level 3 spell: Confuse
  1596 | D:2      | Found a faded altar of an unknown god.
  1899 | D:2      | Noticed Robin
  2151 | D:1      | Killed Robin
  2151 | D:1      | Reached XP level 4. HP: 15/18 MP: 1/8
  3067 | D:3      | Reached skill level 1 in Fighting
  3268 | D:3      | Found a runed translucent door.
  3269 | D:3      | Noticed Crazy Yiuf
  3421 | D:3      | Reached XP level 5. HP: 22/22 MP: 5/9
  4277 | D:3      | Killed Crazy Yiuf
  4433 | D:4      | Gained mutation: You are covered in thick fur. (AC +2)
                  | [Felid growth]
  4433 | D:4      | Reached XP level 6. HP: 26/26 MP: 6/10
  4694 | D:4      | Found Reromaiwk's Assorted Antiques.
  5632 | D:4      | Bought a scroll of identify for 58 gold pieces
  5718 | D:4      | Reached XP level 7. HP: 29/31 MP: 5/11
  5964 | D:5      | Entered Level 5 of the Dungeon
  6032 | D:5      | Found a shimmering altar of Xom.
  6360 | D:5      | Reached skill level 5 in Stealth
  6372 | D:5      | Found Uvaumape's Armour Emporium.
  7041 | D:5      | Noticed Edmund
  7061 | D:5      | Killed Edmund
  7061 | D:5      | Reached skill level 5 in Unarmed Combat
  7212 | D:5      | Noticed Sigmund
  7216 | D:5      | Killed Sigmund
  7216 | D:5      | Reached XP level 8. HP: 36/36 MP: 9/14
  7275 | D:5      | Reached skill level 6 in Stealth
  7859 | D:6      | You fall through a shaft for 3 floors!
  7859 | D:9      | Found Goemahim's Distillery.
  7859 | D:9      | Found a staircase to the Lair.
  8089 | D:7      | Noticed Prince Ribbit
  8117 | D:7      | Killed Prince Ribbit
  8424 | D:6      | Reached skill level 7 in Stealth
  8730 | D:6      | Reached skill level 5 in Fighting
  8750 | D:6      | Reached XP level 9. HP: 26/40 MP: 10/16
  9271 | D:6      | Reached skill level 8 in Stealth
  9271 | D:6      | Reached skill level 10 in Hexes
  9675 | D:7      | Found a staircase to the Ecumenical Temple.
  9694 | Temple   | Entered the Ecumenical Temple
  9708 | Temple   | Became a worshipper of Gozag Ym Sagoz the Greedy
  9765 | D:7      | Found a large runed translucent door.
  9858 | D:7      | Reached skill level 5 in Spellcasting
 10255 | D:7      | Noticed Menkaure
 10260 | D:7      | Killed Menkaure
 10458 | D:7      | Found a large runed translucent door.
 10467 | D:7      | Noticed tensugalgo's ghost (novice MfCK)
 11238 | D:7      | Killed tensugalgo's ghost
 11238 | D:7      | Reached skill level 9 in Stealth
 12116 | D:8      | Noticed a tengu warrior
 12117 | D:8      | Noticed a tengu conjurer
 12128 | D:8      | Killed a tengu warrior
 12128 | D:8      | Reached XP level 10. HP: 22/46 MP: 16/19
 12427 | D:9      | Got a steaming marble ring
 12428 | D:9      | Identified the ring "Wennach" {+Fly rC- rN+ EV+3} (You
                  | found it on level 9 of the Dungeon)
 12735 | D:9      | Identified the +9 falchion of Mourning {protect, *Noise
                  | +Blink +Fly rC++}
 12760 | D:9      | Reached skill level 10 in Stealth
 13579 | D:9      | Learned a level 3 spell: Call Canine Familiar
 14002 | D:9      | Reached skill level 1 in Summonings
 14090 | D:9      | Bought a potion of heal wounds for 70 gold pieces
 14116 | D:10     | Entered Level 10 of the Dungeon
 14635 | D:10     | Reached XP level 11. HP: 49/50 MP: 9/22
 14668 | D:10     | Reached skill level 11 in Stealth
 14927 | D:10     | Noticed Nergalle
 14934 | D:10     | Killed Nergalle
 14934 | D:10     | Reached skill level 1 in Ice Magic
 15011 | D:10     | Noticed Sonja
 15017 | D:10     | Killed Sonja
 15236 | D:10     | Noticed a vault guard
 15292 | D:10     | Killed a vault guard
 15569 | D:10     | Learned a level 4 spell: Summon Lightning Spire
 15594 | D:10     | Found a portal to a secret trove of treasure.
 16087 | D:11     | Reached skill level 1 in Air Magic
 16654 | D:11     | Noticed Gastronok
 16675 | D:11     | Killed Gastronok
 16752 | D:11     | Noticed a brown ugly thing
 16774 | D:11     | Killed a brown ugly thing
 16774 | D:11     | Reached skill level 12 in Stealth
 17509 | D:12     | Noticed a deep elf mage
 17517 | D:12     | Killed a deep elf mage
 17563 | D:12     | Gained mutation: Your thick and shaggy fur keeps you warm.
                  | (AC +3, rC+) [Felid growth]
 17563 | D:12     | Reached XP level 12. HP: 56/56 MP: 9/24
 17771 | D:12     | Found a staircase to the Orcish Mines.
 18008 | D:12     | Noticed a death knight
 18202 | Lair:1   | Entered Level 1 of the Lair of Beasts
 18295 | D:9      | Reached skill level 5 in Summonings
 19294 | Lair:1   | Slain by a spriggan
 19295 | Lair:1   | Reached XP level 11. HP: -3/52 MP: 5/24
 20114 | Lair:2   | Learned a level 5 spell: Yara's Violent Unravelling
 20185 | Lair:2   | Reached skill level 13 in Stealth
 20189 | Lair:2   | Reached skill level 1 in Transmutations
 20416 | Lair:2   | Found the +8 whip "Snakebite" {curare, rPois}
 20757 | Lair:2   | Reached XP level 12. HP: 57/57 MP: 25/25
 21287 | Lair:3   | Found a staircase to the Snake Pit.
 21545 | Lair:3   | Found a frozen archway.
 21559 | IceCv    | Entered an ice cave
 22349 | IceCv    | Reached skill level 10 in Unarmed Combat
 22738 | IceCv    | Reached skill level 5 in Air Magic
 24236 | IceCv    | Noticed a death yak
 24743 | IceCv    | Killed a death yak
 25217 | IceCv    | Identified the +8 quarterstaff of the Present {drain,
                  | *Contam rC++ Int+8}
 25217 | IceCv    | Noticed a frost giant
 25255 | IceCv    | Killed a frost giant
 26200 | Lair:3   | You fall through a shaft for 2 floors!
 27096 | Lair:2   | Reached XP level 13. HP: 39/61 MP: 21/27
 28325 | Lair:4   | Reached skill level 14 in Stealth
 28431 | Lair:4   | Reached skill level 10 in Fighting
 29452 | Lair:4   | Found a staircase to the Swamp.
 30207 | D:12     | Found Kyuzumeu's Magic Scroll Emporium.
 30214 | D:12     | Bought 2 scrolls of identify for 56 gold pieces
 30216 | D:12     | Bought a scroll of identify for 28 gold pieces
 30326 | D:12     | Reached skill level 5 in Transmutations
 31129 | Orc:1    | Entered Level 1 of the Orcish Mines
 31352 | Orc:2    | Entered Level 2 of the Orcish Mines
 31932 | Orc:2    | Found a staircase to the Elven Halls.
 32206 | Orc:2    | Found Betuss's Weapon Emporium.
 33802 | Orc:2    | Found Cuizag's Jewellery Emporium.
 33803 | Orc:2    | Found Giocinah's Armour Boutique.
 33814 | Orc:2    | Found Jyasidgh's Antique Armour Boutique.
 33911 | Orc:1    | Noticed Erica
 33918 | Orc:1    | Killed Erica
 34234 | D:13     | Found a gate to the Vaults.
 34234 | D:13     | Noticed Rupert
 34453 | D:13     | Paralysed by Rupert for 3 turns
 35011 | D:12     | Paralysed by an ogre mage for 3 turns
 35598 | D:13     | Reached XP level 14. HP: 20/66 MP: 7/28
 36058 | D:13     | Killed Rupert
 36058 | D:13     | Reached skill level 15 in Stealth
 36058 | D:13     | Reached skill level 10 in Spellcasting
 36481 | D:13     | HP: 3/66 [barbs]
 36482 | D:13     | Succumbed to barbed spike wounds
 36483 | D:13     | Reached XP level 13. HP: 0/62 MP: 28/28
 36873 | D:13     | Noticed Maurice
 36881 | D:13     | Killed Maurice
 38629 | D:15     | Entered Level 15 of the Dungeon
 38730 | D:15     | Shot with an arrow by a centaur warrior
 38731 | D:15     | Reached XP level 12. HP: -19/60 MP: 17/27
 38855 | D:15     | Noticed a two-headed ogre
 38864 | D:15     | Killed a two-headed ogre
 38991 | D:15     | Noticed Louise
 39194 | D:15     | Killed Louise
 39194 | D:15     | Reached XP level 13. HP: 22/63 MP: 3/28
 39678 | D:15     | Found a staircase to the Depths.
 39678 | D:15     | Noticed a dire elephant
 39855 | D:15     | Killed a dire elephant
 40102 | D:15     | Noticed Kirke
 40106 | D:15     | Noticed a sphinx
 40140 | D:15     | HP: 3/63 [harpy[Kirke] (8)]
 40141 | D:15     | Mangled by a harpy

Skill      XL: |  1  2  3  4  5  6  7  8  9 10 11 12 13 14 |
---------------+-------------------------------------------+-----
Hexes          | 5 6 7 8 9 11 | 11.7
Unarmed Combat | 2 3 4 5 6 7 8 9 10 11 | 11.8
Fighting       | 1 2 3 4 5 6 7 9 11 | 11.3
Stealth        | 5 7 9 10 13 14 15 | 15.7
Spellcasting   | 3 4 5 6 7 9 10 | 10.5
Summonings     | 2 6 7 9 |  9.3
Ice Magic      | 2 |  2.1
Air Magic      | 4 5 |  5.5
Transmutations | 1 4 7 |  7.7
Dodging        | |  2.6

Action                   |  1- 3 |  4- 6 |  7- 9 | 10-12 | 13-15 || total
-------------------------+-------+-------+-------+-------+-------++-------
Melee: Unarmed           |    61 |   213 |   248 |   687 |   575 ||  1784
       Bite              |     2 |    26 |    29 |    62 |    50 ||   169
       Punch             |       |     2 |     4 |    16 |    25 ||    47
 Cast: Corona            |     3 |       |       |       |       ||     3
       Ensorcelled Hiber |    20 |    16 |    17 |    39 |    15 ||   107
       Confuse           |     6 |    56 |    76 |   296 |   252 ||   686
       Call Canine Famil |       |       |       |    56 |    56 ||   112
       Summon Lightning  |       |       |       |    44 |    27 ||    71
       Yara's Violent Un |       |       |       |     6 |     3 ||     9
  Use: Scroll            |       |     7 |     6 |    12 |     8 ||    33
       Potion            |       |       |     1 |     7 |     6 ||    14
 Stab: Sleeping          |    19 |    16 |    28 |    80 |    58 ||   201
       Distracted        |     1 |       |       |     3 |     4 ||     8
       Confused          |     3 |    29 |    49 |   144 |   110 ||   335
       Invisible         |       |       |       |     3 |       ||     3
       Fleeing           |       |       |       |     2 |       ||     2
  Eat: Chunk             |     3 |    18 |     8 |     1 |       ||    30
       Ration            |       |     1 |     2 |    17 |    11 ||    31
Armor: Skin              |     5 |    13 |     4 |    22 |    17 ||    61
Dodge: Dodged            |    45 |   188 |   113 |   492 |   350 ||  1188
